 Dungeon Crawl Stone Soup version 0.28.0-43-g3370ac3207 (webtiles) character file.

Game seed: 2472733863717074577

307054 pkoi the Blocker (level 19, -6/149 HPs)
             Began as a Demigod Conjurer on Mar 23, 2022.
             Killed from afar by a crystal guardian (10 damage)
             ... with a crystal bolt
             ... led by a peacekeeper
             ... on level 4 of the Vaults on Mar 24, 2022.
             The game lasted 02:50:27 (68470 turns).

pkoi the Blocker (Demigod Conjurer)                Turns: 68470, Time: 02:50:28

Health: -6/149     AC: 20    Str: 15    XL:     19   Next: 53%
Magic:  25/41      EV: 13    Int: 53    God:
Gold:   3042       SH: 12    Dex: 12    Spells: 9/43 levels left

rFire   . . .      SeeInvis .   b - staff of cold
rCold   + . .      Faith    .   k - +0 kite shield "Jiotab" {rC- rN+ Regen+ Int+9}
rNeg    + + .      Spirit   .   u - +3 troll leather armour {Snorg}
rPois   .          Reflect  .   X - +1 hat
rElec   +          Harm     .   C - +1 cloak {Stlth+}
rCorr   .          Rampage  .   P - +1 pair of gloves
Will    ++...                   f - +4 pair of boots of Beogh's Grace {Str+7}
Stlth   +++.......              n - amulet of Oto Buca {RegenMP rElec rC+ rN+}
HPRegen 1.94/turn               g - ring of willpower
MPRegen 0.67/turn               Y - ring of wizardry

@: no status effects
A: high MP 1, forlorn, divine attributes
}: 2/15 runes: decaying, gossamer
a: no special abilities


You were on level 4 of the Vaults.
You visited 8 branches of the dungeon, and saw 39 of its levels.
You also visited: Bailey.

You collected 5341 gold pieces.
You spent 2299 gold pieces at shops.

Inventory:

Hand Weapons
 a - the +8 autumn katana {vorpal, manifold assault}
   (You bought it in a shop on level 14 of the Dungeon)

   It sometimes launches melee attacks against multiple visible enemies.
 O - the +10 demon blade of Causality {pain, Dex+4}
   (You found it on level 1 of the Spider Nest)

   In the hands of one skilled in necromantic magic, it inflicts extra damage on
   living creatures.
   Dex:       It affects your dexterity (+4).
Missiles
 l - 3 curare-tipped darts
Armour
 f - the +4 pair of boots of Beogh's Grace (worn) {Str+7}
   (You found it on level 4 of the Spider Nest)

   Str:       It affects your strength (+7).
 k - the +0 kite shield "Jiotab" (worn) {rC- rN+ Regen+ Int+9}
   (You acquired it on level 5 of the Lair of Beasts)

   Int:       It affects your intelligence (+9).
   rC:        It makes you vulnerable to cold.
   rN:        It protects you from negative energy.
   Regen:     It increases your rate of health regeneration.
 u - a +3 troll leather armour (worn) {Snorg}
 C - a +1 cloak of stealth (worn)
 P - a +1 pair of gloves (worn)
 X - a +1 hat (worn)
Magical Staves
 b - a staff of cold (weapon)
Jewellery
 e - an amulet of the acrobat
 g - a ring of willpower (left hand)
 j - a ring of flight
 n - the amulet of Oto Buca (around neck) {RegenMP rElec rC+ rN+}
   (You found it on level 3 of the Dungeon)

   [amulet of magic regeneration]

   It increases your rate of magic regeneration.
   rC:        It protects you from cold.
   rElec:     It insulates you from electricity.
   rN:        It protects you from negative energy.
 H - a +6 ring of intelligence
 N - a ring of protection from cold
 R - a ring of poison resistance
 S - a ring of see invisible
 Y - a ring of wizardry (right hand)
Wands
 m - a wand of acid (13)
 q - a wand of charming (31)
 w - a wand of paralysis (14)
 x - a wand of iceblast (11)
 B - a wand of flame (97)
 E - a wand of mindburst (22)
 G - a wand of digging (21)
 W - a wand of polymorph (11)
Scrolls
 p - 13 scrolls of identify
 r - 2 scrolls of amnesia
 s - 5 scrolls of blinking
 t - 2 scrolls of brand weapon
 v - 3 scrolls of enchant armour
 y - 7 scrolls of teleportation
 z - 2 scrolls of summoning
 I - a scroll of silence
 J - a scroll of magic mapping
 Q - 6 scrolls of fear
 T - 4 scrolls of fog
Potions
 c - 9 potions of ambrosia
 d - 13 potions of curing
 h - 3 potions of heal wounds
 i - 6 potions of might
 o - 2 potions of resistance
 A - 11 potions of haste
 D - 7 potions of brilliance
 F - 3 potions of invisibility
 K - 7 potions of berserk rage
 L - 4 potions of cancellation
 M - 5 potions of flight


   Skills:
 + Level 8.6 Fighting
 + Level 11.2 Long Blades
 + Level 10.7 Armour
 - Level 7.1 Dodging
 - Level 3.0 Stealth
 + Level 13.9 Shields
 + Level 12.7 Spellcasting
 + Level 11.2 Conjurations
 - Level 7.0 Hexes
 - Level 9.0 Necromancy
 - Level 9.0 Translocations
 + Level 12.5 Ice Magic
 - Level 9.0 Earth Magic


You had 9 spell levels left.
You knew the following spells:

 Your Spells              Type           Power      Damage    Failure   Level
a - Magic Dart            Conj           100%       1d8       0%          1
b - Searing Ray           Conj           100%       2d8       0%          2
c - Iskenderun's Mystic   Conj/Tloc      96%        2d19      1%          4
d - Fulminant Prism       Conj/Hex       46%        3d21      1%          4
e - Borgnjor's Vile Clut  Necr/Erth      46%        N/A       1%          5
f - Ozocubu's Refrigerat  Ice            64%        4d17      2%          7
g - Passage of Golubria   Tloc           92%        N/A       1%          4
h - Orb of Destruction    Conj           50%        9d13      4%          7

Your spell library contained the following spells:

 Spells                   Type           Power      Damage    Failure   Level
 Frozen Ramparts          Ice            100%       1d12      0%          3
 Ozocubu's Armour         Ice            100%       N/A       0%          3
 Foxfire                  Conj/Fire      100%       2x1d9     1%          1
 Pain                     Necr           100%       1d9       1%          1
 Summon Small Mammal      Summ           100%       N/A       1%          1
 Call Canine Familiar     Summ           33%        N/A       1%          3
 Confusing Touch          Hex            83%        N/A       1%          3
 Conjure Flame            Conj/Fire      76%        6-21      1%          3
 Dazzling Flash           Conj/Hex       100%       N/A       1%          3
 Inner Flame              Hex/Fire       63%        N/A       1%          3
 Portal Projectile        Hex/Tloc       100%       N/A       1%          3
 Summon Guardian Golem    Hex/Summ       63%        N/A       1%          3
 Cause Fear               Hex            41%        N/A       1%          4
 Flame Wave               Conj/Fire      76%        2d14      1%          4
 Hailstorm                Conj/Ice       100%       3d20      1%          4
 Ice Form                 Ice/Tmut       100%       N/A       1%          4
 Leda's Liquefaction      Hex/Erth       43%        N/A       1%          4
 Summon Ice Beast         Ice/Summ       100%       N/A       1%          4
 Agony                    Necr           92%        N/A       1%          5
 Excruciating Wounds      Necr           46%        N/A       1%          5
 Fireball                 Conj/Fire      38%        3d16      1%          5
 Iskenderun's Battlesphe  Conj           100%       2d15      1%          5
 Lee's Rapid Deconstruct  Erth           46%        3d23*     1%          5
 Metabolic Englaciation   Hex/Ice        58%        N/A       1%          5
 Silence                  Hex/Air        31%        N/A       3%          5
 Yara's Violent Unravell  Hex/Tmut       31%        3d13      3%          5
 Conjure Ball Lightning   Conj/Air       38%        3x3d12    8%          6
 Statue Form              Tmut/Erth      46%        N/A       12%         6
 Alistair's Intoxication  Tmut/Pois      22%        N/A       13%         5
 Blade Hands              Tmut           16%        N/A       13%         5
 Enfeeble                 Hex            41%        N/A       22%         7
 Lehudib's Crystal Spear  Conj/Erth      48%        10d11     43%         8
 Eringya's Noxious Bog    Tmut/Pois      16%        N/A       56%         6
 Discord                  Hex            41%        N/A       85%         8


Dungeon Overview and Level Annotations

Branches:
Dungeon (15/15)            Temple (1/1) D:5            Lair (6/6) D:11
  Swamp (4/4) Lair:3       Spider (4/4) Lair:2        Slime (0/5) Lair:5
    Orc (2/2) D:10            Elf (3/3) Orc:2        Vaults (4/5) D:13
  Crypt (0/3) Vaults:3     Depths (0/4) D:15         Bailey (visited)

Shops:
D:11 (   D:14 (?=(!!   Orc:2 :(:(   Elf:2 (*(![   Vaults:1 *   Vaults:3 :

Portals:
Trove: D:12 (give horn of Geryon)

Annotations:
D:15 Rupert
Lair:4 2 runed translucent doors, Icepheonix32's ghost, journeyman DsFi
Swamp:3 1 runed translucent door
Spider:1 3 runed translucent doors, boopmooplesden's ghost, adept MiBe
Orc:1 2 transporters, kazak's ghost, journeyman OpFE
Elf:2 3 runed translucent doors


Innate Abilities, Weirdness & Mutations

You have an increased reservoir of magic. (+10% MP)
You shall have no god before yourself.
Your divine heritage dramatically boosts your attributes as you level up.


Message History

The war gargoyle resists.
You destroy the war gargoyle!
The peacekeeper hurls a volley of spikes at you.
You block the volley of spikes.
A centaur warrior comes into view.
The crystal guardian fires a crystalline bolt at you.
The crystal bolt burns you!! The crystal bolt burns you!!!
* * * LOW HITPOINT WARNING * * *
Casting: Ozocubu's Refrigeration (dangerous; 2% risk of failure)
Confirm with . or Enter, or press ? or * to list all spells.
You erupt in a blast of force!
The mystic blast hits the crystal guardian!!
The crystal guardian is moderately damaged.
The crystal guardian is knocked back by the mystic blast.
The mystic blast hits the peacekeeper!!
You destroy the peacekeeper!
You hear a shout!
A centaur warrior comes into view.
The centaur warrior wields a +0 shortbow.
The centaur warrior shoots an arrow.
You block the arrow.
The centaur warrior shoots an arrow.
You block the arrow.
The centaur warrior shoots an arrow.
The arrow hits you!
* * * LOW HITPOINT WARNING * * *
The crystal guardian fires a crystalline bolt at you.
The crystal bolt burns you!!
* * * LOW HITPOINT WARNING * * *
There is an open door here.
The centaur warrior shoots an arrow.
The arrow hits you!
* * * LOW HITPOINT WARNING * * *
You close the door.
Things that are here:
a +0 robe; a +0 dagger; a human skeleton A centaur warrior breaks down the door.
You can drink potions again.
The crystal guardian fires a crystalline bolt at you.
The crystal bolt misses you. The crystal bolt burns you!!!
* * * LOW HITPOINT WARNING * * *
The crystal guardian fires a crystalline bolt at you.
The crystal bolt burns you!
You die...

#.......#.).
#.......#...
#.......#)).
#############....c..#...
#...........9c.9c...#...
#...(#.#....#.......'..)
#..>.###..[.#..[....#...
+....#[#....#.......#...
#.###..@###.#.......'...
#..#.....#..#.......#...
#[###...###.#.......#...
#....#[#.([.#########...
#..<.###....# ...
#....#.#....#
#...........#
#########'##'#######
....................


You could see a crystal guardian and a centaur warrior.

Vanquished Creatures
  Nikola (Elf:1)
  A tentacled monstrosity (Swamp:1)
  Jorgrun (D:15)
  Asterion (Elf:3)
  A sphinx (Vaults:1)
  Agnes (Elf:1)
  Roxanne (Elf:1)
  2 thorn hunters
  Kirke (D:15)
  Donald (Elf:1)
  5 deep elf sorcerers
  A fire giant (D:15)
  4 vault wardens
  3 ghost moths
  10 emperor scorpions
  A broodmother (Spider:4)
  2 deep elf elementalists (Elf:3)
  2 war gargoyles
  2 very ugly things
  11 ironbound preservers
  4 ironbound thunderhulks
  Nessos (D:15)
  5 deep elf demonologists
  7 eleionomae
  3 deep elf annihilators (Elf:3)
  6 entropy weavers
  4 bunyips
  11 dire elephants
  A spark wasp (Spider:4)
  4 yaktaur captains
  2 green deaths (Swamp:4)
  Snorg (Lair:3)
  A deep elf high priest (Elf:3)
  2 great orbs of eyes (Swamp:4)
  2 peacekeepers
  12 hydras
  4 boulder beetles
  A hell beast (Swamp:4)
  7 vault guards
  2 ghost crabs
  2 radroaches (Spider:1)
  3 catoblepae (Lair:6)
  3 ironbound frosthearts
  Erica (D:11)
  7 centaur warriors
  The ghost of Zeor the Eclecticist, a journeyman FeCj of Ashenzari (Lair:6)
  8 death yaks
  A jorogumo (Spider:4)
  2 ogre magi
  6 alligators
  A tengu warrior (D:15)
  6 death scarabs (Spider:4)
  6 two-headed ogres
  20 dancing weapons
  A deep troll earth mage (Vaults:1)
  Sonja (D:10)
  Nergalle (Lair:3)
  13 deep elf knights
  A skeletal warrior (Vaults:3)
  2 goliath frogs
  8 spriggans
  3 steelbarb worms
  10 pharaoh ants
  34 deep trolls
  A spriggan druid (Swamp:4)
  10 bog bodies
  9 swamp dragons
  6 orb spiders
  6 deep elf archers
  A spectral jorogumo (Spider:4)
  A glowing orange brain (Vaults:1)
  An orb spider (shapeshifter) (D:14)
  20 lindwurms
  An orc knight (Orc:2)
  Pikel (D:7)
  6 wizards
  8 harpies
  3 spectral wolf spiders (Spider:4)
  19 deep elf pyromancers
  10 ironbound convokers
  22 deep elf zephyrmancers
  18 wolf spiders
  A necromancer (Vaults:3)
  6 manticores
  2 orc sorcerers
  6 moths of wrath
  A will-o-the-wisp (Swamp:4)
  6 cyclopes
  A wolf spider zombie (Spider:4)
  32 ugly things
  2 centaur zombies
  10 vault sentinels
  7 black mambas
  Maurice (D:10)
  4 elephants (Lair:5)
  2 orange demons (Swamp:4)
  4 torpor snails
  13 cane toads
  2 gargoyles
  A rime drake (Lair:2)
  2 spectral redbacks (Spider:4)
  7 demonic crawlers
  Maggie (D:7)
  An efreet (D:15)
  A tengu conjurer (D:15)
  7 komodo dragons
  An unseen horror (D:12)
  28 yaktaurs
  A troll (D:12)
  2 wind drakes (shapeshifter)
  3 meliai (Spider:2)
  2 polar bears
  28 tarantellas
  A troll (shapeshifter) (D:13)
  A merfolk (shapeshifter) (Elf:1)
  A spectral culicivora (Spider:4)
  8 hornets
  25 blink frogs
  A spectral jumping spider (Spider:4)
  8 tyrant leeches
  A culicivora zombie (Spider:4)
  A jumping spider zombie (Spider:4)
  3 large abominations (Swamp:4)
  5 dream sheep (Lair:2)
  39 slime creatures
  2 spectral tarantellas (Spider:4)
  A meliai zombie (D:9)
  3 tarantella zombies (Spider:4)
  A flying skull (Vaults:3)
  34 jumping spiders
  21 culicivoras
  7 wyverns
  6 shadows
  3 wraiths
  A vampire (D:12)
  A golden eye (shapeshifter) (D:14)
  3 hogs (D:15)
  61 yaks
  3 vampire mosquitoes (Swamp:3)
  3 chaos spawn (Elf:1)
  6 basilisks
  63 redbacks
  A warg (Orc:2)
  15 swamp worms
  An acid dragon (D:11)
  A small abomination (Swamp:4)
  A two-headed ogre zombie (D:10)
  11 water moccasins
  5 ice beasts
  A sky beast (D:6)
  2 swamp drakes
  A black bear (shapeshifter) (Elf:1)
  37 orc warriors
  11 ogres
  A black bear (D:5)
  A necrophage (D:8)
  15 centaurs
  14 wolves
  2 lemures
  2 phantoms (D:10)
  14 bullfrogs
  5 kobold brigands (Bailey)
  2 wyvern zombies (D:8)
  2 earth elementals (Elf:2)
  3 gnoll sergeants
  A wyvern skeleton (D:7)
  3 troll zombies (Swamp:4)
  8 wights (D:8)
  4 killer bees (D:7)
  A troll skeleton (Swamp:4)
  4 howler monkeys
  4 electric eels
  A crimson imp (D:8)
  Crazy Yiuf (D:7)
  9 orc priests
  2 hounds (D:5)
  4 iguanas
  13 orc wizards
  A killer bee zombie (D:5)
  7 ogre zombies (D:10)
  An adder (D:5)
  11 gnolls
  A shadow imp (D:6)
  3 white imps
  A worm (D:4)
  38 orcs
  A bat (D:1)
  6 endoplasms
  6 giant cockroaches
  2 goblins
  A hobgoblin (D:2)
  A quokka (D:2)
  7 ball pythons
  3 frilled lizards
  3 goblin skeletons
  6 goblin zombies (D:10)
  A hobgoblin skeleton (D:10)
  5 hobgoblin zombies
  18 kobolds
  2 kobold skeletons (D:8)
  A kobold zombie (D:8)
  2 orc skeletons (D:10)
  14 orc zombies
  4 rats
  5 briar patches (Swamp:3)
  A fulminant prism (D:11)
1269 creatures vanquished.

Vanquished Creatures (collateral kills)
  A culicivora (Spider:1)
  A redback (Spider:1)
2 creatures vanquished.

Vanquished Creatures (others)
  A dancing weapon (Elf:1)
  An orb spider (Spider:4)
  A torpor snail (Spider:4)
  A bloated husk (Swamp:3)
  A tyrant leech (Swamp:4)
  A swamp worm (Swamp:3)
  A briar patch (Swamp:3)
  2 bushes (Lair:5)
  388 fulminant prisms
  60 fungi
  112 plants
569 creatures vanquished.

Grand Total: 1840 creatures vanquished

Notes
Turn   | Place    | Note
-------+----------+-------------------------------------------
     0 | D:1      | pkoi the Demigod Conjurer began the quest for the Orb.
     0 | D:1      | Reached XP level 1. HP: 14/14 MP: 5/5
   222 | D:1      | Reached XP level 2. HP: 22/22 MP: 0/7
  1131 | D:2      | Reached skill level 1 in Fighting
  1687 | D:3      | Learned a level 2 spell: Searing Ray
  1982 | D:3      | Identified the amulet of Oto Buca {RegenMP rElec rC+ rN+}
  2044 | D:3      | Reached XP level 3. HP: 28/28 MP: 5/8
  3581 | D:4      | You fall into a shaft and drop 1 floor!
  3581 | D:5      | Entered Level 5 of the Dungeon
  3581 | D:5      | Noticed a black bear
  3590 | D:5      | Killed a black bear
  3591 | D:5      | Reached XP level 4. HP: 18/36 MP: 7/10
  3591 | D:5      | Reached XP level 5. HP: 20/41 MP: 7/11
  3851 | D:5      | Learned a level 4 spell: Iskenderun's Mystic Blast
  3957 | D:5      | Noticed an ice beast
  3986 | D:5      | Killed an ice beast
  3987 | D:5      | Reached skill level 1 in Translocations
  4667 | D:5      | Reached skill level 5 in Conjurations
  4667 | D:5      | Reached XP level 6. HP: 48/48 MP: 9/13
  5911 | D:5      | Reached XP level 7. HP: 29/55 MP: 9/14
  6152 | D:5      | Found a staircase to the Ecumenical Temple.
  6162 | Temple   | Entered the Ecumenical Temple
  6686 | D:6      | Learned a level 4 spell: Fulminant Prism
  6937 | D:6      | Reached skill level 1 in Hexes
  8009 | D:7      | Reached XP level 8. HP: 50/61 MP: 8/15
  8458 | D:7      | Identified the +9 dagger "Qeg Peant" {freeze, Fragile rPois
                  | rN++ SInv}
  8501 | D:7      | Reached skill level 5 in Translocations
  9054 | D:7      | Found a runed translucent door.
  9055 | D:7      | Noticed Crazy Yiuf
  9090 | D:7      | Noticed Pikel
  9101 | D:7      | Killed Pikel
  9102 | D:7      | Noticed Maggie
  9811 | D:7      | Reached XP level 9. HP: 67/67 MP: 5/16
  9969 | D:7      | Killed Maggie
 10000 | D:7      | Killed Crazy Yiuf
 10246 | D:8      | Identified the +9 falchion of Propriety {vorpal, +Blink
                  | Str+4 Int-2 Stlth+}
 10260 | D:8      | Found a flagged portal.
 10273 | Bailey   | Entered a bailey
 10464 | Bailey   | Reached skill level 5 in Hexes
 11688 | D:9      | Noticed a centaur warrior
 11708 | D:9      | Killed a centaur warrior
 11709 | D:9      | Reached XP level 10. HP: 17/77 MP: 6/19
 12088 | D:9      | Reached skill level 1 in Armour
 12626 | D:10     | Entered Level 10 of the Dungeon
 12630 | D:10     | Noticed Sonja
 12637 | D:10     | Killed Sonja
 12979 | D:10     | Noticed Maurice
 13221 | D:10     | Killed Maurice
 13227 | D:10     | Reached skill level 5 in Dodging
 13644 | D:10     | Noticed a two-headed ogre
 13649 | D:10     | Killed a two-headed ogre
 13791 | D:10     | Reached XP level 11. HP: 83/85 MP: 1/22
 13874 | D:10     | Found a staircase to the Orcish Mines.
 13900 | D:10     | Reached skill level 5 in Fighting
 13938 | D:10     | Reached skill level 5 in Spellcasting
 14943 | D:11     | Noticed a two-headed ogre
 14956 | D:11     | Killed a two-headed ogre
 14958 | D:11     | Noticed a boulder beetle
 14996 | D:10     | Learned a level 5 spell: Borgnjor's Vile Clutch
 15343 | D:11     | Noticed Erica
 15351 | D:11     | Killed Erica
 15594 | D:11     | Reached skill level 1 in Necromancy
 15594 | D:11     | Reached skill level 1 in Earth Magic
 16029 | D:11     | Found Bogut's Hydra Hut.
 16030 | D:11     | Noticed an eight-headed hydra
 16062 | D:11     | Identified the +1 robe of Safo {Rampage Dex+4 Stlth-}
 16074 | D:11     | Got Dex Sawe's Disquisition on Snow
 16135 | D:11     | Found a staircase to the Lair.
 16142 | D:11     | Noticed a death yak
 16377 | D:11     | Noticed a death yak
 16379 | D:11     | Noticed a death yak
 16383 | D:11     | Noticed a death yak
 16384 | D:11     | Noticed a death yak
 16858 | D:11     | Noticed a death yak
 17197 | D:10     | Killed a death yak
 17432 | D:11     | Noticed a death yak
 17477 | D:11     | Killed a death yak
 17687 | D:11     | Killed a boulder beetle
 17940 | Lair:1   | Entered Level 1 of the Lair of Beasts
 19240 | Lair:2   | Noticed a five-headed hydra
 19250 | Lair:2   | Killed a five-headed hydra
 19251 | Lair:2   | Reached XP level 12. HP: 96/96 MP: 4/24
 19415 | Lair:1   | Learned a level 7 spell: Ozocubu's Refrigeration
 20145 | Lair:2   | Reached skill level 1 in Ice Magic
 20214 | Lair:2   | Reached skill level 10 in Conjurations
 20524 | Lair:2   | Found a hole to the Spider Nest.
 22291 | Lair:3   | Noticed Snorg
 22557 | Lair:3   | Found a staircase to the Swamp.
 23049 | Lair:3   | Reached XP level 13. HP: 89/105 MP: 10/27
 23375 | Lair:4   | Noticed Nergalle
 23394 | Lair:3   | Killed Nergalle
 23395 | Lair:3   | Reached skill level 5 in Necromancy
 23395 | Lair:3   | Reached skill level 5 in Earth Magic
 23756 | Lair:4   | Found a large runed translucent door.
 23756 | Lair:4   | Found a large runed translucent door.
 24170 | Lair:4   | Noticed Icepheonix32's ghost (journeyman DsFi)
 25467 | Lair:5   | Reached skill level 5 in Ice Magic
 25570 | Lair:5   | Identified a scroll of acquirement
 25571 | Lair:5   | Acquired the +0 kite shield "Jiotab" {rC- rN+ Regen+ Int+9}
 25599 | Lair:5   | Found a staircase to the Slime Pits.
 25814 | Lair:6   | Entered Level 6 of the Lair of Beasts
 25920 | Lair:6   | Reached skill level 1 in Shields
 26165 | Lair:6   | Reached skill level 2 in Shields
 26417 | Lair:6   | Found a runed translucent door.
 26419 | Lair:6   | Noticed Zeor's ghost (journeyman FeCj)
 27202 | Lair:6   | Reached skill level 3 in Shields
 28080 | Lair:6   | Reached skill level 4 in Shields
 28349 | Lair:6   | Killed Zeor's ghost
 28611 | D:12     | Reached XP level 14. HP: 109/113 MP: 14/31
 29227 | D:12     | Found a portal to a secret trove of treasure.
 30127 | D:13     | Reached skill level 5 in Shields
 30799 | D:13     | Found a gate to the Vaults.
 31132 | D:14     | Reached skill level 6 in Shields
 31304 | D:14     | Found Bicver's Jewellery Shoppe.
 31740 | D:14     | Found Etyrr's Magic Scroll Boutique.
 31992 | D:14     | Found Ipaumaim's Antique Weapon Emporium.
 32206 | D:14     | Found Plog's Firing Range.
 32274 | D:14     | Bought the +8 autumn katana {vorpal, manifold assault} for
                  | 1313 gold pieces
 32274 | D:14     | Found the +8 autumn katana {vorpal, manifold assault}
 32280 | D:14     | Found Ypraxa Baeh's Distillery.
 32308 | D:14     | Found Jaruc's Distillery.
 32314 | D:14     | Bought a potion of heal wounds for 75 gold pieces
 32592 | Spider:1 | Entered Level 1 of the Spider Nest
 33108 | Swamp:1  | Entered Level 1 of the Swamp
 33128 | Swamp:1  | Reached skill level 7 in Shields
 33288 | Swamp:1  | Noticed a tentacled monstrosity
 34183 | Spider:1 | Reached skill level 1 in Long Blades
 34226 | Spider:1 | Found a runed translucent gate.
 34226 | Spider:1 | Found a runed translucent gate.
 34226 | Spider:1 | Found a runed translucent gate.
 34233 | Spider:1 | Noticed a ghost moth
 34247 | Spider:1 | Noticed boopmooplesden's ghost (adept MiBe)
 34247 | Spider:1 | Noticed a broodmother
 34299 | Spider:1 | Identified the +10 whip of Stickiness {flame, rC++ MP-9
                  | Str+6}
 34555 | Spider:1 | Reached skill level 8 in Shields
 34629 | Spider:1 | Reached XP level 15. HP: 105/118 MP: 14/33
 35113 | Spider:1 | Reached skill level 9 in Shields
 35281 | Spider:1 | You fall into a shaft and drop 1 floor!
 35733 | Spider:2 | Reached skill level 10 in Shields
 35964 | Spider:1 | Identified the +10 demon blade of Causality {pain, Dex+4}
 36711 | Spider:2 | Reached skill level 5 in Long Blades
 38831 | Swamp:1  | Killed a tentacled monstrosity
 39254 | Lair:5   | Learned a level 4 spell: Passage of Golubria
 39448 | D:15     | Entered Level 15 of the Dungeon
 39920 | Orc:1    | Entered Level 1 of the Orcish Mines
 40192 | Orc:1    | Found a transporter.
 40192 | Orc:1    | Found a transporter.
 40207 | Orc:1    | Noticed kazak's ghost (journeyman OpFE)
 40509 | Orc:2    | Entered Level 2 of the Orcish Mines
 40509 | Orc:2    | Found a staircase to the Elven Halls.
 41914 | Orc:2    | Found Goiteury's Book Shop.
 41914 | Orc:2    | Found Hiteput's Antique Weapon Emporium.
 41916 | Orc:2    | Found Keixial's Book Shoppe.
 41918 | Orc:2    | Found Cogem's Antique Weapon Boutique.
 41992 | Elf:1    | Entered Level 1 of the Elven Halls
 42193 | Elf:1    | Noticed Donald
 42211 | Elf:1    | Killed Donald
 42552 | Lair:3   | Killed Snorg
 43518 | Swamp:2  | Reached XP level 16. HP: 126/126 MP: 15/34
 43691 | Swamp:2  | Identified the +1 robe of Wasted Space {rC+}
 43700 | Swamp:2  | Reached skill level 5 in Armour
 44893 | Swamp:3  | Reached skill level 10 in Spellcasting
 45272 | Swamp:3  | Found a runed translucent door.
 45620 | Swamp:4  | Entered Level 4 of the Swamp
 46438 | Swamp:4  | Reached skill level 11 in Shields
 47972 | Swamp:4  | Got a decaying rune of Zot
 49282 | Spider:4 | Entered Level 4 of the Spider Nest
 51280 | Spider:4 | Reached XP level 17. HP: 132/132 MP: 29/36
 52373 | Spider:4 | Reached skill level 10 in Ice Magic
 53288 | Spider:4 | Identified the +4 pair of boots of Beogh's Grace {Str+7}
 53302 | Spider:4 | Got a gossamer rune of Zot
 53352 | Spider:4 | Reached skill level 12 in Shields
 53801 | D:15     | Noticed Jorgrun
 53806 | D:15     | Killed Jorgrun
 53841 | D:15     | Noticed Nessos
 53848 | D:15     | Killed Nessos
 54709 | D:15     | Noticed Kirke
 54716 | D:15     | Killed Kirke
 54788 | D:15     | Found a staircase to the Depths.
 55038 | D:15     | Noticed Rupert
 55773 | Elf:1    | Noticed Nikola
 55784 | Elf:1    | Killed Nikola
 56149 | Elf:1    | Noticed Roxanne
 56159 | Elf:1    | Learned a level 7 spell: Orb of Destruction
 57046 | Elf:1    | Noticed Agnes
 57054 | Elf:1    | Killed Agnes
 57683 | Elf:1    | Killed Roxanne
 57726 | Elf:2    | Found Fimizok's Distillery.
 57978 | Elf:2    | HP: 4/132 [fire elemental[a deep elf pyromancer] (3)]
 58213 | Elf:2    | Found Teschis's General Store.
 58282 | Elf:2    | Bought a potion of haste for 130 gold pieces
 58282 | Elf:2    | Bought a potion of heal wounds for 65 gold pieces
 58284 | Elf:2    | Found Qecudum's Weapon Boutique.
 58519 | D:14     | Bought a potion of haste for 130 gold pieces
 58519 | D:14     | Bought a potion of curing for 39 gold pieces
 58519 | D:14     | Bought a potion of curing for 39 gold pieces
 58519 | D:14     | Bought a potion of curing for 39 gold pieces
 58777 | Elf:2    | Reached XP level 18. HP: 139/139 MP: 25/39
 58940 | Elf:2    | Found a runed translucent gate.
 58941 | Elf:2    | Found a runed translucent gate.
 58941 | Elf:2    | Found a runed translucent gate.
 58960 | Elf:2    | Found Ryr Uxoq's Antique Armour Shop.
 58968 | Elf:2    | Bought a smoking leather armour for 259 gold pieces
 58968 | Elf:2    | Identified the +1 leather armour of Fortification {Int+2
                  | Dex+7} (You bought it in a shop on level 2 of the Elven
                  | Halls)
 58968 | Elf:2    | Bought a steaming robe for 210 gold pieces
 58968 | Elf:2    | Identified the +1 robe of the Sacrificial Victim {rN+} (You
                  | bought it in a shop on level 2 of the Elven Halls)
 59132 | Elf:2    | Found Ugav's Weapon Emporium.
 59235 | Elf:3    | Entered Level 3 of the Elven Halls
 59235 | Elf:3    | Noticed Asterion
 59243 | Elf:3    | Killed Asterion
 60765 | Elf:3    | Identified the +6 falchion "Vorev" {flame, rC+ Will- Dex+3
                  | SInv}
 60790 | Elf:3    | Identified the +0 leather armour of the Lich-sworn {Int+3}
 61678 | Vaults:1 | Entered Level 1 of the Vaults
 61681 | Vaults:1 | Reached skill level 13 in Shields
 62018 | Vaults:1 | Reached skill level 10 in Long Blades
 62472 | Vaults:1 | Found Emotiu's General Store.
 64406 | Vaults:2 | Identified the -2 buckler "Animah" {rF- Regen+ Dex+3}
 64485 | Vaults:2 | Identified the +4 scale mail "Luotac" {rElec rPois Str-2
                  | Slay+3}
 64588 | Vaults:2 | Reached skill level 10 in Armour
 65260 | Vaults:2 | Reached XP level 19. HP: 147/147 MP: 14/40
 66812 | Vaults:3 | Found Xesir's Book Shoppe.
 67734 | Vaults:3 | Found a staircase to the Crypt.
 68469 | Vaults:4 | HP: 2/149 [crystal guardian/crystal bolt[a peacekeeper]
                  | (57)]
 68470 | Vaults:4 | Killed from afar by a crystal guardian

Illustrated notes

Levels and vault maps discovered:
D:1:      dpeg_arrival_water_altar, layout_basic
D:2:      layout_basic, basic_ecumenical_altar, serial_aquarium,
          aquarium_bridge_straight [aquarium_subvault_bridge,
          aquarium_subvault_wall, aquarium_subvault_bridge,
          aquarium_subvault_balcony], aquarium_bridge_square
          [aquarium_subvault_bridge, aquarium_subvault_window,
          aquarium_subvault_bridge, aquarium_subvault_window],
          aquarium_window_double, aquarium_window_1, aquarium_window_1,
          aquarium_view_2d, aquarium_view_2d, aquarium_pool_2,
          chequers_serial_rivers_micro_b, minmay_misc_feat_chi
D:3:      layout_loops_ring, mainiacjoe_overflow_24_doors, lemuel_tele_altar,
          minmay_statues_item
D:4:      layout_loops_ring
D:5:      layout_loops_ring, minmay_temple_entry_poolview
D:6:      nicolae_cairo_tiling_large, layout_basic, hangedman_decor_peaks_small
D:7:      layout_basic, chequers_serial_rivers_small_a, eino_jars,
          uniq_crazy_yiuf_cottage, uniq_maggie, uniq_pikel
D:8:      layout_basic, nicolae_tso_besieged_by_evil,
          grunt_temple_overflow_lords_of_destruction, enter_bailey_2,
          feat_on_display
D:9:      layout_long_grid
D:10:     layout_long_grid, nicolae_elyvilon_temple_path, zombieorc2_lemuel,
          minmay_fractal_squares_diagonal_5, uniq_sonja, uniq_maurice
D:11:     layout_loops_ring, dpeg_lair_monsters, glass_columns_a,
          library_closet, doesnt_shop_hydraphobe, uniq_erica
D:12:     layout_irregular_city, serial_glass, glass_columns_a, glass_columns_a,
          glass_columns_a, glass_columns_b, glass_columns_a, glass_columns_b,
          glass_columns_a, glass_columns_a, glass_columns_a, glass_columns_b,
          glass_columns_a, glass_columns_a, glass_columns_a, glass_columns_a,
          due_unseen_surprise, item_on_display_a, minmay_strange_pillars,
          trove_entry_hex_spiral, fedhas_bush_and_centaur_altar
D:13:     layout_roguey, grunt_vaults_entry_fortified, xom_teletrap_fun
D:14:     layout_roguey, serial_shops, nicolae_shop_advertising_works
          [nicolae_subvault_shop_adworks], nicolae_shop_waterfront, shop,
          nicolae_stop_n_shop_2, shop, minmay_misc_feat_nine_boxes,
          minmay_misc_feat_room, nicolae_two_hexagons, grunt_ministairs_3,
          nicolae_shop_firing_range
D:15:     grunt_enter_depths_giant_problem, layout_cave_pools,
          serial_bayou_lagoon_a, chequers_serial_rivers_marsh,
          hangedman_decor_diamond_cutter, uniq_rupert, uniq_kirke, uniq_jorgrun,
          uniq_nessos
Temple:   regret_index_temple_sphere_string
Lair:1:   layout_regular_city
Lair:2:   layout_regular_city, nicolae_spider_entry_orb_guardian,
          nzn_random_ring
Lair:3:   layout_regular_city, nicolae_swamp_entry_splash_gauntlet,
          lemuel_fruit_tree, uniq_snorg
Lair:4:   layout_regular_city, ebering_ghost_disaster_area, beast_lair_carwin_2,
          uniq_nergalle
Lair:5:   layout_loops_ring, slime_altar_1, nicolae_lair_run_with_the_wolves,
          grunt_megastairs_2
Lair:6:   evilmike_catoblepas_cave, layout_layer_cave, gammafunk_ghost_grave,
          serial_bayou, serial_bayou_shore_b, serial_bayou_lagoon_b,
          serial_bayou_pond_e, serial_bayou_pond_e
Swamp:1:  layout_basic_swamp, hangedman_swamp_diagram
Swamp:2:  layout_basic_swamp, hangedman_swamp_pad
Swamp:3:  gammafunk_mikee_crab_dinner, layout_falls_marsh
Swamp:4:  swamp_vile, layout_basic_swamp, swamp_pool3, cheibrodos_swamp_minitomb
Spider:1: nicolae_spider_mines_2, gammafunk_ghost_split
Spider:2: layout_spider_delve
Spider:3: layout_cave_pods
Spider:4: floodkiller_spider_rune_tomb, nicolae_spider_scorpion_nest
Orc:1:    layout_caves, gammafunk_ghost_wrathful_warriors, small_statue_alley_c
Orc:2:    st_orc_rangers, layout_caves, basic_altar
Elf:1:    elf_arrival_001, layout_gridlike,
          hangedman_elven_crosses_minicolossus, drop_trap,
          nicolae_elf_free_trip_to_the_abyss, uniq_nikola, uniq_roxanne,
          uniq_donald, uniq_agnes
Elf:2:    nicolae_elf_blades_crystal_corner, layout_rooms, serial_shops,
          nicolae_shop_bloodbath_and_beyond, nicolae_take_the_stairs, shop,
          nicolae_square_shop, shop
Elf:3:    minmay_elf_hall_curves, layout_rooms, uniq_asterion
Vaults:1: v_misc_13, nicolae_vaults_mini_display_case, v_misc_13,
          layout_vaults_omnigrid, serial_shops, nicolae_diamond_shop
Vaults:2: hangedman_vaults_nails, v_alt_pattern_1, grunt_vaults_twisty,
          vaults_room_fours, nicolae_vaults_circle_grid_b,
          hangedman_vaults_variations, ontoclasm_vaults_spin,
          nicolae_vaults_little_squares_4, dpeg_vaults_monster_box,
          vaults_room_pools, layout_vaults_chaotic_city
Vaults:3: minmay_crypt_entry_simple_statues, nicolae_vaults_angled_halls,
          nicolae_vaults_little_squares_1, nicolae_vaults_disjoint_gnomons,
          nicolae_vaults_ring_of_whatevers, ontoclasm_vaults_chip,
          v_alt_pattern_4, vaults_room_corners, layout_vaults_big_cross,
          serial_shops, shop, uniq_margery
Vaults:4: nicolae_vaults_what_the_h, nicolae_vaults_network_periphery,
          hangedman_vaults_nodes, v_misc_5, ontoclasm_vaults_eye,
          hangedman_vaults_river_flow, vaults_room_hallway, v_misc_23,
          vaults_dpeg_ring, vaults_mumra_lcd, nicolae_vaults_little_squares_2,
          layout_vaults_ring

Skill      XL: |  1  2  3  4  5  6  7  8  9 10 11 12 13 14 15 16 17 18 19 |
---------------+----------------------------------------------------------+-----
Dodging        | 2 4 5 6 7 |  7.1
Spellcasting   | 2 3 4 5 6 8 9 10 11 12 | 12.7
Fighting       | 1 2 3 4 6 7 8 |  8.6
Conjurations   | 4 5 6 7 8 9 10 11 | 11.2
Translocations | 2 3 4 6 7 8 9 |  9.0
Hexes          | 2 4 5 6 7 |  7.0
Stealth        | 3 |  3.0
Armour         | 3 4 6 8 10 | 10.7
Necromancy     | 2 4 6 7 8 9 |  9.0
Earth Magic    | 2 4 6 7 8 9 |  9.0
Ice Magic      | 3 6 7 8 9 11 12 | 12.5
Shields        | 4 8 10 11 12 13 | 13.9
Long Blades    | 2 5 7 9 10 11 | 11.2

Action                   |  1- 3 |  4- 6 |  7- 9 | 10-12 | 13-15 | 16-18 | 19-21 || total
-------------------------+-------+-------+-------+-------+-------+-------+-------++-------
Melee: Unarmed           |     2 |       |       |       |       |       |       ||     2
       Staff             |    11 |       |       |       |       |     2 |       ||    13
       Punch             |     1 |       |     1 |     1 |       |       |       ||     3
       Short sword       |     7 |     4 |     5 |       |       |       |       ||    16
       Dagger            |       |       |    22 |    85 |    17 |       |       ||   124
       Katana            |       |       |       |       |    78 |   140 |     2 ||   220
       Demon blade       |       |       |       |       |     2 |       |       ||     2
 Cast: Magic Dart        |    94 |    15 |   102 |   127 |   192 |   387 |    57 ||   974
       Searing Ray       |     2 |    13 |    15 |       |    18 |    15 |       ||    63
       Iskenderun's Myst |       |       |    44 |   250 |   427 |   247 |    21 ||   989
       Fulminant Prism   |       |       |    34 |    54 |   171 |   130 |       ||   389
       Borgnjor's Vile C |       |       |       |       |    96 |   282 |    21 ||   399
       Ozocubu's Refrige |       |       |       |       |       |    84 |    73 ||   157
Evoke: Wand              |       |       |       |       |     1 |     6 |       ||     7
  Use: Scroll            |       |       |    17 |     5 |    10 |     5 |       ||    37
       Potion            |       |       |       |       |     1 |       |       ||     1
 Stab: Sleeping          |       |       |       |       |       |     1 |       ||     1
Armor: Robe              |     7 |     7 |    25 |    45 |    63 |       |       ||   147
       Troll leather arm |       |       |       |       |    15 |   146 |     8 ||   169
       Leather armour    |       |       |       |       |       |     2 |       ||     2
Dodge: Dodged            |    24 |    13 |    52 |   157 |   227 |   193 |    11 ||   677
Block: Kite shield       |       |       |       |       |   226 |   212 |    13 ||   451
